 Dungeon Crawl Stone Soup version 0.26-a0-257-g47e9e61525 (webtiles) character file.

Game seed: 15172016187727654319

191 Infinimo the Cudgeler (level 5, 0/46 HPs)
             Began as a Minotaur Gladiator on July 10, 2020.
             Succumbed to kobold's curare-tipped dart
             ... on level 3 of the Dungeon.
             The game lasted 00:02:10 (2224 turns).

Infinimo the Cudgeler (Minotaur Gladiator)          Turns: 2224, Time: 00:02:10

Health: 0/46       AC:  4    Str: 20    XL:     5   Next: 42%
Magic:  4/4        EV: 13    Int:  5    God:
Gold:   145        SH:  0    Dex: 11    Spells: 4/4 levels left

rFire    + . .     SeeInvis .   a - +1 flail
rCold    + . .     Faith    .   (no shield)
rNeg     . . .     Spirit   .   b - +0 leather armour
rPois    +         Reflect  .   c - +0 hat
rElec    +         Harm     .   (no cloak)
rCorr    +                      (no gloves)
MR       .....                  k - +0 pair of boots
Stlth    +.........             (no amulet)
HPRegen  0.15/turn              (no ring)
MPRegen  0.09/turn              (no ring)

@: brilliant, lethally poisoned (0 -> -9), resistant, flying, slowed, very slow
A: retaliatory headbutt, horns 2
a: no special abilities


You were on level 3 of the Dungeon.
You were not hungry.

You visited 1 branch of the dungeon, and saw 3 of its levels.

You collected 145 gold pieces.

Inventory:

Hand Weapons
 a - a +1 flail (weapon)
Missiles
 d - 3 throwing nets (quivered)
Armour
 b - a +0 leather armour (worn)
 c - a +0 hat (worn)
 k - a +0 pair of boots (worn)
Scrolls
 e - a scroll of teleportation
 g - 3 scrolls of remove curse
Comestibles
 f - 5 rations


   Skills:
 + Level 3.8 Fighting
 * Level 5.4 Maces & Flails
 - Level 2.0 Throwing
 + Level 2.5 Armour
 + Level 4.2 Dodging


You had 4 spell levels left.
You didn't know any spells.
Your spell library was empty.

Dungeon Overview and Level Annotations

Branches:
Dungeon (3/15)

Altars:


Innate Abilities, Weirdness & Mutations

You reflexively headbutt those who attack you in melee.
You have a pair of horns on your head.


Message History

You feel clever all of a sudden.
* * * LOW HITPOINT WARNING * * *
You feel sick.
The goblin hits you with a cursed +0 club.
* * * LOW HITPOINT WARNING * * *
As you read the scroll of teleportation, it crumbles to dust.
You feel strangely unstable.
* * * LOW HITPOINT WARNING * * *
You feel sick.
* * * LOW HITPOINT WARNING * * *
You feel sick.
There is a lethal amount of poison in your body!
Your surroundings suddenly seem different.
* * * LOW HITPOINT WARNING * * *
You feel sick.
The kobold throws a stone.
A frilled lizard and a kobold come into view.
You see here a stone.
* * * LOW HITPOINT WARNING * * *
You feel sick.
The frilled lizard moves out of view.
You die...

#.###.#......'...# #
#.....#......##)## #
#######......##.# #
#......##.# #
#......##.####
#.............
#......†......
######.............
#.@..#.............
#.##.#............. #(#
#.............
..........l#.............
##....#.####.#####......<
#.#K...# ... # #. ### #.
#


You could see a kobold.

Vanquished Creatures
  A scorpion (D:3)
  A bullfrog zombie (D:3)
  An orc priest (D:3)
  2 adders (D:3)
  A worm (D:2)
  2 leopard geckos (D:2)
  3 orcs (D:3)
  A ball python (D:3)
  2 giant cockroaches (D:2)
  9 goblins
  2 hobgoblins
  3 jackals (D:1)
  8 bats
  5 frilled lizards
  7 kobolds
  7 rats
55 creatures vanquished.

Notes
Turn   | Place    | Note
-------+----------+-------------------------------------------
     0 | D:1      | Infinimo the Minotaur Gladiator began the quest for the
                  | Orb.
     0 | D:1      | Reached XP level 1. HP: 18/18 MP: 0/0
   265 | D:1      | Reached XP level 2. HP: 25/25 MP: 1/1
   272 | D:1      | Reached skill level 4 in Maces & Flails
   353 | D:1      | Reached skill level 1 in Armour
   827 | D:2      | Found a faded altar of an unknown god.
   975 | D:2      | Reached XP level 3. HP: 28/30 MP: 2/2
  1673 | D:3      | Reached XP level 4. HP: 31/38 MP: 3/3
  1989 | D:3      | Reached skill level 5 in Maces & Flails
  1989 | D:3      | Reached XP level 5. HP: 32/45 MP: 4/4
  2212 | D:3      | Noticed an ogre
  2223 | D:3      | HP: 2/46 [poisoned by kobold (curare-tipped dart)]
  2224 | D:3      | Succumbed to kobold's curare-tipped dart

Illustrated notes

Levels and vault maps discovered:
D:1:      wander_arrival_lonely_grave, layout_loops_ring, minmay_quantized
D:2:      layout_basic, chequers_ecumenical_altar_simple_redux
D:3:      layout_basic, minmay_ogre_servants

Skill      XL: |  1  2  3  4 |
---------------+-------------+-----
Maces & Flails | 4 5 |  5.4
Armour         | 1 2 |  2.5
Fighting       | 3 |  3.8
Dodging        | 4 |  4.2
Throwing       | |  2.0

Action                   |  1- 3 |  4- 6 || total
-------------------------+-------+-------++-------
Melee: Flail             |    78 |    23 ||   101
       Headbutt          |     9 |     5 ||    14
  Use: Scroll            |     4 |     1 ||     5
       Potion            |       |     3 ||     3
  Eat: Ration            |     1 |       ||     1
Armor: Leather armour    |    20 |    10 ||    30
Dodge: Dodged            |    57 |    31 ||    88

Table legend:
 A = Non-vault XP
 B = Vault XP
 C = Vault XP percentage of total XP
 D = Non-vault monster count
 E = Vault monster count
 F = Vault count percentage of total count
                 A         B        C        D         E       F
            +---------+---------+-------+---------+---------+-------
      Total |     267 |       7 |   2.6 |      50 |       5 |   9.1
            +---------+---------+-------+---------+---------+-------
        D:1 |      26 |       5 |  16.1 |      17 |       4 |  19.0
        D:2 |      31 |       0 |   0.0 |      16 |       0 |   0.0
        D:3 |     210 |       2 |   0.9 |      17 |       1 |   5.6
            +---------+---------+-------+---------+---------+-------
